[Event "2023 Perth Open"]
[Site "North Woodvale, Perth WA"]
[Date "2023.02.11"]
[Round "1.1"]
[White "Huang, Hui"]
[Black "Kuybokarov, Temur"]
[Result "0-1"]
[WhiteElo "1709"]
[BlackElo "2725"]
[BlackTitle "GM"]
[ECO "A45g"]
[EventDate "2023.02.11"]
[EventType "swiss"]
[EventRounds "6"]
[EventCountry "AUS"]
[TimeControl "3600+30"]

1.d4 Nf6 2.Bf4 c5 3.d5 b5 4.c4 b4 5.Nd2 g6 6.e4 Bg7 7.Qc1 O-O 8.Bd3 d6 9.
h3 e5 10.Bg5 h6 11.Bxf6 Qxf6 12.Ngf3 Qe7 13.O-O f5 14.Qc2 a5 15.b3 a4 16.
Rfe1 Bd7 17.Nh2 Na6 18.Ndf3 Nc7 19.Nf1 Ne8 20.Ng3 f4 21.Nf1 g5 22.N1h2 h5 
23.Bf1 g4 24.Nd2 Bh6 25.hxg4 hxg4 26.Be2 f3 27.gxf3 Qg5 28.f4 Qxf4 29.Ndf1
axb3 30.axb3 Qxf2+ 31.Kh1 g3 32.Bf3 Qxc2 33.Rxa8 Qf2 34.Rea1 Rxf3 35.R8a2 
g2# 0-1

[Event "2023 Perth Open"]
[Site "North Woodvale, Perth WA"]
[Date "2023.02.11"]
[Round "1.3"]
[White "Ng, Erick"]
[Black "Fu, Yihe (Rebo)"]
[Result "0-1"]
[WhiteElo "1642"]
[BlackElo "2356"]
[ECO "B22c"]
[EventDate "2023.02.11"]
[EventType "swiss"]
[EventRounds "6"]
[EventCountry "AUS"]
[TimeControl "3600+30"]

1.e4 c5 2.Nf3 e6 3.c3 Nf6 4.e5 Nd5 5.Bc4 Nb6 6.Bb3 d6 7.exd6 Bxd6 8.d4 
cxd4 9.cxd4 Nc6 10.O-O O-O 11.Nc3 Ne7 12.Bc2 Ng6 13.Ne4 Be7 14.a3 a5 15.
Re1 Nd5 16.Qd3 f5 17.Neg5 Ndf4 18.Bxf4 Nxf4 19.Qe3 Bxg5 20.Nxg5 Qxg5 21.g3
Nh3+ 22.Kg2 Qxe3 23.Rxe3 Ng5 24.h4 Nf7 25.Bb3 Rd8 26.d5 e5 27.Rc1 a4 28.
Ba2 Kf8 29.Rec3 Bd7 30.Rc7 Nd6 31.Re1 e4 32.f3 Rac8 33.Rec1 Rxc7 34.Rxc7 
Ke7 35.b3 axb3 36.Bxb3 Rc8 0-1

[Event "2023 Perth Open"]
[Site "North Woodvale, Perth WA"]
[Date "2023.02.11"]
[Round "1.4"]
[White "Mueller, Jens"]
[Black "Van Burgel, Bradley"]
[Result "1-0"]
[WhiteElo "2309"]
[BlackElo "1622"]
[ECO "D00c"]
[EventDate "2023.02.11"]
[EventType "swiss"]
[EventRounds "6"]
[EventCountry "AUS"]
[TimeControl "3600+30"]

1.d4 d5 2.Bf4 Nf6 3.e3 Bf5 4.c4 e6 5.Qb3 Nc6 6.c5 Qd7 7.Bb5 a6 8.Ba4 Bxb1 
9.Rxb1 b5 10.cxb6 Bb4+ 11.Qxb4 Nxb4 12.Bxd7+ Kxd7 13.Bxc7 Ne4 14.Nh3 Nxa2 
15.b7 Kxc7 16.bxa8=Q Rxa8 17.f3 Nd6 18.Ra1 Nb4 19.Ke2 Kb6 20.Rhc1 Rb8 21.
Nf2 Nc6 22.Nd3 a5 23.Nc5 Ra8 24.Na4+ Kc7 25.Rc3 Nb5 26.Rc5 Na7 27.Rac1 Rb8
28.Rxa5 1-0

[Event "2023 Perth Open"]
[Site "North Woodvale, Perth WA"]
[Date "2023.02.11"]
[Round "1.6"]
[White "Teh, Rui Gen"]
[Black "Harirajesh, Barath"]
[Result "1-0"]
[WhiteElo "2190"]
[BlackElo "1394"]
[ECO "A05"]
[EventDate "2023.02.11"]
[EventType "swiss"]
[EventRounds "6"]
[EventCountry "AUS"]
[TimeControl "3600+30"]

1.Nf3 Nf6 2.b3 g6 3.Bb2 Bg7 4.e3 O-O 5.d4 b6 6.Nbd2 Bb7 7.Bd3 d5 8.Qe2 Ne4
9.Bxe4 dxe4 10.Ng5 e5 11.Ngxe4 exd4 12.O-O-O dxe3 13.Bxg7 Kxg7 14.Qxe3 Qe7
15.Qc3+ f6 16.Rhe1 Nc6 17.Nc4 Qb4 18.Rd7+ Rf7 19.Qxf6+ Kh6 20.Re3 Rxf6 21.
Rh3# 1-0

[Event "2023 Perth Open"]
[Site "North Woodvale, Perth WA"]
[Date "2023.02.11"]
[Round "1.7"]
[White "Balavignan, Ashvin"]
[Black "Laubbacher, Jamie"]
[Result "0-1"]
[WhiteElo "1380"]
[BlackElo "2179"]
[ECO "E11h"]
[EventDate "2023.02.11"]
[EventType "swiss"]
[EventRounds "6"]
[EventCountry "AUS"]
[TimeControl "3600+30"]

1.d4 Nf6 2.c4 e6 3.Nf3 d5 4.g3 Bb4+ 5.Bd2 Be7 6.Bg2 O-O 7.O-O c6 8.Nc3 
Nbd7 9.cxd5 exd5 10.e3 Re8 11.Rc1 Nf8 12.h3 Bf5 13.Ne5 Bd6 14.g4 Bd7 15.f4
g6 16.Qf3 Kg7 17.Be1 Ne4 18.Nxe4 dxe4 19.Qg3 f6 20.Nxd7 Nxd7 21.Qf2 Nb6 
22.Qc2 Nd5 23.Bd2 Qe7 24.Rce1 Qe6 25.a3 a5 26.Re2 f5 27.g5 Rh8 28.h4 h6 
29.Kf2 hxg5 30.hxg5 Rh2 31.Rh1 Rxh1 32.Bxh1 a4 33.Bg2 Nb6 34.Bc3 Kf7 35.
Re1 Bf8 36.Rh1 Qd5 37.Rh7+ Bg7 38.Bf1 Rh8 39.Rxh8 Bxh8 40.Bb4 Qb3 41.Qxb3+
axb3 42.Bc5 Na4 43.Bc4+ Ke8 44.Bxb3 Nxc5 45.dxc5 Bxb2 46.Be6 Bxa3 47.Bxf5 
gxf5 48.Kg3 Kf7 49.Kh4 Kg6 50.Kg3 Bxc5 0-1

[Event "2023 Perth Open"]
[Site "North Woodvale, Perth WA"]
[Date "2023.02.11"]
[Round "1.8"]
[White "King, David"]
[Black "Gupta, Aarnav"]
[Result "1-0"]
[WhiteElo "2031"]
[BlackElo "1348"]
[ECO "B17d"]
[EventDate "2023.02.11"]
[EventType "swiss"]
[EventRounds "6"]
[EventCountry "AUS"]
[TimeControl "3600+30"]

1.e4 c6 2.d4 d5 3.Nc3 dxe4 4.Nxe4 Nd7 5.Nf3 Ngf6 6.Nxf6+ Nxf6 7.Ne5 Bf5 8.
c3 Nd7 9.Nxf7 Kxf7 10.Qf3 e6 11.g4 g6 12.gxf5 exf5 13.Bc4+ Kg7 14.Rg1 Nb6 
15.Bb3 Qd7 16.Qf4 Nd5 17.Qe5+ Kg8 18.Be3 Bg7 19.Qg3 Re8 20.O-O-O Kf8 21.h4
Qe7 22.Bg5 Bf6 23.Bh6+ Bg7 24.Bxg7+ Kxg7 25.h5 Qe6 26.Kd2 Qe2+ 27.Kc1 Qe6 
28.Qg5 Qf6 29.h6+ Kf7 30.Qg2 Qe6 31.Qf3 Qe4 32.Qg3 Qe6 33.Qd3 Kf6 34.Qd2 
Kf7 35.Rge1 Qd7 36.Qg5 Rxe1 37.Rxe1 Re8 38.Re5 Qd6 39.c4 Rxe5 40.dxe5 Qe7 
41.e6+ Kf8 42.Qd2 Nc7 43.Qd7 Qxd7 44.exd7 Ke7 45.c5 Nd5 46.d8=Q+ Kxd8 47.
Kd2 Ke7 48.Kd3 Ke6 49.Kd4 g5 50.a3 g4 51.Bc4 Kf6 52.Bxd5 cxd5 53.Kxd5 f4 
54.Ke4 g3 55.fxg3 fxg3 56.Kf3 a5 57.b4 axb4 58.axb4 g2 59.Kxg2 Ke5 60.Kf3 
Kd4 61.Kf4 Kc4 62.Ke5 Kxb4 63.Kd5 Kb5 64.Kd6 Kc4 65.c6 1-0

[Event "2023 Perth Open"]
[Site "North Woodvale, Perth WA"]
[Date "2023.02.11"]
[Round "1.9"]
[White "Cavosie-Pletsch, Yasmina"]
[Black "Gao, Oscar"]
[Result "0-1"]
[WhiteElo "1338"]
[BlackElo "2006"]
[ECO "C52"]
[EventDate "2023.02.11"]
[EventType "swiss"]
[EventRounds "6"]
[EventCountry "AUS"]
[TimeControl "3600+30"]

1.e4 e5 2.Nf3 Nc6 3.Bc4 Bc5 4.b4 Bxb4 5.c3 Ba5 6.d4 exd4 7.Nxd4 Nxd4 8.
Qxd4 Qf6 9.e5 Qg6 10.O-O Bb6 11.Qd1 Bc5 12.Be3 Bxe3 13.fxe3 Nh6 14.h4 O-O 
15.h5 Qg3 16.Qd4 Ng4 17.Rf3 Qh2+ 18.Kf1 Qh1+ 19.Ke2 Qxg2+ 20.Kd3 Qxf3 21.
Nd2 Qf5+ 22.Ke2 Nxe5 23.Rg1 Qxh5+ 24.Ke1 d6 25.Be2 Qh2 26.e4 f5 27.Kd1 
fxe4 28.Nf1 Qf4 0-1

[Event "2023 Perth Open"]
[Site "North Woodvale, Perth WA"]
[Date "2023.02.11"]
[Round "1.10"]
[White "Andador, Dominador"]
[Black "El-Fayoumi, Adam"]
[Result "1-0"]
[WhiteElo "1978"]
[BlackElo "1288"]
[ECO "B22o"]
[EventDate "2023.02.11"]
[EventType "swiss"]
[EventRounds "6"]
[EventCountry "AUS"]
[TimeControl "3600+30"]

1.e4 c5 2.c3 Nf6 3.e5 Nd5 4.Bc4 Nc7 5.f4 b5 6.Bb3 Bb7 7.Qe2 c4 8.Bc2 d5 9.
d4 cxd3 10.Bxd3 a6 11.Be3 e6 12.Nf3 g6 13.Nbd2 Nd7 14.Nb3 f6 15.Na5 Qc8 
16.exf6 Nxf6 17.Bd4 Bg7 18.f5 gxf5 19.Bxf5 O-O 20.Bc2 b4 21.O-O bxc3 22.
Ng5 Nb5 23.Bxf6 Bxf6 24.Qh5 Qd7 25.Bxh7+ Kh8 26.Bf5+ 1-0

[Event "2023 Perth Open"]
[Site "North Woodvale, Perth WA"]
[Date "2023.02.11"]
[Round "1.11"]
[White "Passmore Bowman, Tobias"]
[Black "Barry, David"]
[Result "0-1"]
[WhiteElo "1231"]
[BlackElo "1895"]
[ECO "B23m"]
[EventDate "2023.02.11"]
[EventType "swiss"]
[EventRounds "6"]
[EventCountry "AUS"]
[TimeControl "3600+30"]

1.e4 c5 2.Nc3 Nc6 3.Bb5 Nd4 4.Nf3 Nxb5 5.Nxb5 a6 6.Nc3 e6 7.d4 cxd4 8.Qxd4
d6 9.Be3 Nf6 10.O-O-O b5 11.e5 Nd5 12.Nxd5 exd5 13.Qxd5 Be6 14.Qe4 d5 15.
Qd3 Be7 16.Nd4 Qc7 17.f4 g6 18.Nxe6 fxe6 19.Bd4 O-O 20.Qg3 Rac8 21.Rd2 Bb4
22.c3 Be7 23.Kb1 b4 24.h4 bxc3 25.Bxc3 Rf5 26.h5 g5 27.fxg5 Rxg5 28.Qh3 
Qc6 29.Rf1 Rf8 30.Rxf8+ Bxf8 31.Rf2 d4 32.Bxd4 Qe4+ 33.Kc1 Qe1+ 34.Kc2 
Qe4+ 35.Qd3 Qc6+ 36.Bc3 Rxg2 37.Rxg2+ Qxg2+ 38.Kc1 Bh6+ 39.Bd2 Qg1+ 40.Kc2
Qc5+ 41.Qc3 Qxc3+ 42.bxc3 Bg7 43.Bf4 Kf7 44.c4 Ke7 45.Kb3 Kd7 46.Kb4 Kc6 
47.a4 Bf8+ 48.Ka5 Kb7 49.Be3 Be7 50.Bb6 Bg5 51.Bc5 Bd2+ 52.Bb4 Bf4 53.Bc3 
Be3 54.Kb4 Kc6 55.Kb3 Kc5 56.Bb4+ Kc6 57.Bd6 Bf4 58.Kc3 Bg5 59.Kc2 Bf4 60.
c5 Be3 61.Kd3 Bxc5 62.Bxc5 Kxc5 63.Kc3 h6 64.Kb3 a5 65.Kc3 Kd5 66.Kd3 Kxe5
67.Ke3 Kf5 68.Kd4 Kf4 69.Kc5 e5 0-1

[Event "2023 Perth Open"]
[Site "North Woodvale, Perth WA"]
[Date "2023.02.11"]
[Round "1.12"]
[White "Harris, Eamon"]
[Black "Gough, Sebastian"]
[Result "1-0"]
[WhiteElo "1884"]
[BlackElo "1080"]
[ECO "B12m"]
[EventDate "2023.02.11"]
[EventType "swiss"]
[EventRounds "6"]
[EventCountry "AUS"]
[TimeControl "3600+30"]

1.e4 c6 2.d4 d5 3.e5 Bf5 4.h4 h6 5.Bd3 Qd7 6.Be3 g6 7.Ne2 Bg7 8.Ng3 Bxd3 
9.Qxd3 e6 10.h5 g5 11.f4 gxf4 12.Bxf4 Qc7 13.c3 Nd7 14.Nd2 c5 15.O-O b6 
16.Rac1 c4 17.Qe2 Qd8 18.Nxc4 dxc4 19.Qxc4 Qc8 20.Qe2 Ne7 21.Ne4 Nf5 22.g4
Nxd4 23.Nd6+ Kd8 24.cxd4 Qb8 25.Bg3 Rf8 26.Nxf7+ Ke7 27.Bh4+ Ke8 28.Nd6+ 
1-0

[Event "2023 Perth Open"]
[Site "North Woodvale, Perth WA"]
[Date "2023.02.11"]
[Round "1.14"]
[White "Clarke, Daniel"]
[Black "Gupta, Anoushka"]
[Result "1-0"]
[WhiteElo "1854"]
[BlackElo "999"]
[ECO "C65j"]
[EventDate "2023.02.11"]
[EventType "swiss"]
[EventRounds "6"]
[EventCountry "AUS"]
[TimeControl "3600+30"]

1.e4 e5 2.Nf3 Nc6 3.Bb5 Nf6 4.d3 Bc5 5.O-O d6 6.h3 h6 7.c3 O-O 8.d4 exd4 
9.cxd4 Bb6 10.Nc3 Re8 11.d5 a6 12.Ba4 Ne5 13.Bxe8 Qxe8 14.Nxe5 Qxe5 15.Qf3
Bd7 16.Bf4 Qe7 17.Be3 Ba5 18.Bd4 Bxc3 19.Qxc3 Nxe4 20.Qxc7 Nd2 21.Rfe1 
Nf3+ 22.gxf3 Qg5+ 23.Kh1 Bxh3 24.Rg1 Qf4 25.Rxg7+ Kf8 26.Rg3 Rc8 27.Bg7+ 
Ke8 28.Re1+ Be6 29.Qxc8+ Ke7 30.Rxe6+ fxe6 31.Qxe6+ Kd8 32.Bf6+ Kc7 33.
Rg7+ Kb6 34.Bd8+ Kc5 35.Rc7+ Kb4 36.Rxb7+ Kc5 37.Bb6+ Kb5 38.Be3+ Ka5 39.
Bxf4 Ka4 40.Qe8+ Ka5 41.Bd2# 1-0

[Event "2023 Perth Open"]
[Site "North Woodvale, Perth WA"]
[Date "2023.02.11"]
[Round "1.15"]
[White "Bui, Anthony"]
[Black "Gunawan, Tjermin"]
[Result "0-1"]
[WhiteElo "951"]
[BlackElo "1844"]
[ECO "D43i"]
[EventDate "2023.02.11"]
[EventType "swiss"]
[EventRounds "6"]
[EventCountry "AUS"]
[TimeControl "3600+30"]

1.Nf3 Nf6 2.d4 c6 3.c4 d5 4.Nc3 e6 5.Bg5 Be7 6.e3 Nbd7 7.Be2 O-O 8.O-O 
dxc4 9.Bxc4 b5 10.Bd3 Bb7 11.Qc2 h6 12.Bf4 c5 13.Rad1 Bxf3 14.gxf3 b4 15.
Ne2 Rc8 16.dxc5 Rxc5 17.Qa4 Qa8 18.e4 a5 19.Be3 Nb6 20.Bxc5 Nxa4 21.Bxe7 
Nxb2 22.Bxf8 Nxd1 23.Bxg7 Kxg7 24.Rxd1 Nd7 25.Bc4 Ne5 26.Bb3 Nxf3+ 27.Kg2 
Qxe4 28.Rd7 Ne5+ 29.f3 Qxe2+ 30.Kg3 Qxf3+ 31.Kh4 Qg4# 0-1

[Event "2023 Perth Open"]
[Site "North Woodvale, Perth WA"]
[Date "2023.02.11"]
[Round "1.16"]
[White "McAteer, Ian"]
[Black "Chong, Seth"]
[Result "1-0"]
[WhiteElo "1822"]
[BlackElo "923"]
[ECO "B23f"]
[EventDate "2023.02.11"]
[EventType "swiss"]
[EventRounds "6"]
[EventCountry "AUS"]
[TimeControl "3600+30"]

1.e4 c5 2.Nc3 e6 3.Bc4 Be7 4.d3 Nc6 5.Nf3 d6 6.Bf4 Nf6 7.h3 d5 8.Bb3 O-O 
9.O-O Na5 10.e5 Ne8 11.a4 Nxb3 12.cxb3 a5 13.Nd2 Bg5 14.Qg4 Bxf4 15.Qxf4 
Bd7 16.d4 cxd4 17.Qxd4 b6 18.Rfc1 Qb8 19.b4 f6 20.Nxd5 Qxe5 21.Qxe5 fxe5 
22.Nxb6 Rd8 23.bxa5 Bxa4 24.Ndc4 Bb5 25.Rd1 Rd4 26.Nxe5 Rdf4 27.Rd2 R8f5 
28.Ng4 Nc7 29.Ne3 Rc5 30.g3 Rb4 31.Nd1 Ba6 32.Nc3 Nd5 33.Nbxd5 exd5 34.
Nxd5 Rbb5 35.Ne3 Rxa5 36.Rxa5 Rxa5 37.f4 Ra1+ 38.Kh2 Re1 39.Ng2 Rb1 40.g4 
Kf7 41.f5 Bf1 42.h4 g6 43.fxg6+ hxg6 44.Rf2+ Kg7 45.g5 Kh7 46.Kg3 Bxg2 47.
Rxg2 Kg7 48.Rf2 Rg1+ 49.Kh2 Rb1 50.Rc2 Kf7 51.Rg2 Kg7 52.Kg3 Kf7 53.Rh2 
Kg7 54.Kf3 Kf7 55.Ke3 Ke6 56.Kd3 Kf5 57.Kc2 Rf1 58.h5 gxh5 59.Rxh5 Rg1 60.
b4 Kg6 61.Rh8 Kf5 62.Rd8 Ke6 63.Kc3 Rxg5 64.Kc4 Ke7 65.Rd1 Ke6 66.b5 Rg2 
67.Kc5 Rc2+ 68.Kb6 Ke7 69.Rd5 Ke6 70.Rc5 Ra2 71.Kb7 Ke7 72.b6 Kf7 73.Kc7 
Ke7 74.b7 Ra7 75.Kc8 1-0

[Event "2023 Perth Open"]
[Site "North Woodvale, Perth WA"]
[Date "2023.02.11"]
[Round "1.17"]
[White "Kerr, Carter"]
[Black "Roebuck, Derek"]
[Result "1/2-1/2"]
[WhiteElo "705"]
[BlackElo "1819"]
[ECO "C63h"]
[EventDate "2023.02.11"]
[EventType "swiss"]
[EventRounds "6"]
[EventCountry "AUS"]
[TimeControl "3600+30"]

1.e4 e5 2.Nf3 Nc6 3.Bb5 f5 4.Bxc6 dxc6 5.Nxe5 Qd4 6.Qh5+ g6 7.Nxg6 hxg6 8.
Qxg6+ Kd8 9.d3 Be7 10.Nc3 Bd7 11.Be3 Qd6 12.exf5 Qxg6 13.fxg6 Bf5 14.O-O-O
Bxg6 15.d4 Bd6 16.d5 c5 17.h4 Kd7 18.g4 Nf6 19.h5 Be4 20.Nxe4 Nxe4 21.g5 
Rag8 22.Rdg1 Ke8 23.g6 b6 24.h6 Nxf2 25.Bxf2 Bf4+ 26.Kb1 Rxh6 27.Rxh6 Bxh6
28.Bh4 Bf8 29.Re1+ Kd7 30.Re6 Rh8 31.Bg3 Rh1+ 32.Re1 Rh6 33.Re6 Rh1+ 
1/2-1/2

[Event "2023 Perth Open"]
[Site "North Woodvale, Perth WA"]
[Date "2023.02.11"]
[Round "1.18"]
[White "Simonds, Marcus"]
[Black "Ley, Nick"]
[Result "1-0"]
[WhiteElo "1768"]
[BlackElo "695"]
[ECO "A05"]
[EventDate "2023.02.11"]
[EventType "swiss"]
[EventRounds "6"]
[EventCountry "AUS"]
[TimeControl "3600+30"]

1.Nf3 Nf6 2.g3 g6 3.Bg2 Bg7 4.O-O O-O 5.d3 d5 6.Nbd2 Nc6 7.e4 e6 8.Re1 Re8
9.c3 Ne7 10.e5 Nd7 11.d4 c5 12.Nf1 c4 13.Bf4 h6 14.h4 b5 15.Qd2 Kh7 16.g4 
a5 17.N1h2 Nc6 18.Qc2 b4 19.h5 Qb6 20.g5 b3 21.Qc1 bxa2 22.gxh6 Bf8 23.
Ng5+ Kg8 24.h7+ Kh8 25.Nxf7+ Kxh7 26.Qc2 Kg8 27.Qxg6+ Bg7 28.h6 1-0

[Event "2023 Perth Open"]
[Site "North Woodvale, Perth WA"]
[Date "2023.02.11"]
[Round "1.19"]
[White "Gong, Leo"]
[Black "Gough, Dylan"]
[Result "0-1"]
[WhiteElo "668"]
[BlackElo "1742"]
[ECO "B15a"]
[EventDate "2023.02.11"]
[EventType "swiss"]
[EventRounds "6"]
[EventCountry "AUS"]
[TimeControl "3600+30"]

1.e4 c6 2.d4 d5 3.Nc3 e6 4.Nf3 Bb4 5.Bd3 h6 6.O-O Nf6 7.Re1 dxe4 8.Bxe4 
Bxc3 9.bxc3 Nxe4 10.Rxe4 Nd7 11.Bf4 Nf6 12.Re3 Nd5 13.Re1 Nxf4 14.Qd2 Qf6 
15.Ne5 Qg5 16.Qxf4 Qxf4 17.Re3 O-O 18.Rf3 Qd2 19.Rd3 Qxc2 20.h3 f6 21.Ng6 
Qxd3 22.Nxf8 Kxf8 23.Re1 Qxc3 24.Rd1 b6 25.Kh1 Bb7 26.Kg1 c5 27.dxc5 Qxc5 
28.Rd3 Qe5 29.Rg3 Rd8 30.a3 h5 31.h4 Qe1+ 32.Kh2 Qxf2 33.Rg6 Qxh4+ 0-1

[Event "2023 Perth Open"]
[Site "North Woodvale, Perth WA"]
[Date "2023.02.11"]
[Round "2.1"]
[White "Kuybokarov, Temur"]
[Black "Harris, Eamon"]
[Result "1-0"]
[WhiteElo "2725"]
[WhiteTitle "GM"]
[BlackElo "1884"]
[ECO "B12u"]
[EventDate "2023.02.11"]
[EventType "swiss"]
[EventRounds "6"]
[EventCountry "AUS"]
[TimeControl "3600+30"]

1.e4 c6 2.d4 d5 3.e5 Bf5 4.Nf3 e6 5.Be2 c5 6.Be3 Qb6 7.Nc3 Nc6 8.O-O h6 9.
dxc5 Qd8 10.Nb5 f6 11.Nd6+ Bxd6 12.exd6 b6 13.Bb5 Qd7 14.Nd4 Rc8 15.Nxf5 
exf5 16.Qxd5 bxc5 17.Bxc5 Kf8 18.Bxc6 Rxc6 19.Qxc6 Qxc6 20.d7+ Qxc5 21.
d8=Q+ Kf7 22.Rad1 Rh7 23.Rd7+ Ne7 24.Re1 Qxc2 25.Rexe7+ Kg6 26.Qe8+ Kg5 
27.Rxg7+ Rxg7 28.Rxg7+ Kh4 29.g3+ Kh3 30.Qh5# 1-0

[Event "2023 Perth Open"]
[Site "North Woodvale, Perth WA"]
[Date "2023.02.11"]
[Round "2.2"]
[White "Barry, David"]
[Black "Gong, Patrick"]
[Result "0-1"]
[WhiteElo "1895"]
[BlackElo "2528"]
[BlackTitle "FM"]
[ECO "B09e"]
[EventDate "2023.02.11"]
[EventType "swiss"]
[EventRounds "6"]
[EventCountry "AUS"]
[TimeControl "3600+30"]

1.e4 d6 2.d4 g6 3.Nc3 Bg7 4.f4 Nf6 5.Nf3 O-O 6.Bc4 Nxe4 7.Nxe4 d5 8.Bd3 
dxe4 9.Bxe4 c5 10.Be3 Nd7 11.c3 Nf6 12.Bc2 Nd5 13.Qd2 Qb6 14.Bb3 Nxe3 15.
Qxe3 cxd4 16.Nxd4 a5 17.Nf5 Qxe3+ 18.Nxe3 a4 19.Bd5 a3 20.O-O-O Be6 21.
Bxe6 fxe6 22.g3 g5 23.Rhf1 gxf4 24.Rxf4 Bh6 25.Re4 Rf2 26.Rd2 Rf3 27.Rd3 
Rf1+ 28.Kc2 Ra1 29.bxa3 Rxa2+ 30.Kb1 Rxh2 31.Nc2 Rf8 32.Ne3 Re2 33.Rg4+ 
Bg7 34.Nd1 Rf1 35.Rd8+ Kf7 36.Rf4+ Rxf4 37.gxf4 h5 38.Rd3 h4 39.Rh3 Bf6 
40.Nb2 Kg6 41.Nd3 Kf5 42.Nc5 Kg4 0-1

[Event "2023 Perth Open"]
[Site "North Woodvale, Perth WA"]
[Date "2023.02.11"]
[Round "2.3"]
[White "Fu, Yihe (Rebo)"]
[Black "Clarke, Daniel"]
[Result "1-0"]
[WhiteElo "2356"]
[BlackElo "1854"]
[ECO "C77c"]
[EventDate "2023.02.11"]
[EventType "swiss"]
[EventRounds "6"]
[EventCountry "AUS"]
[TimeControl "3600+30"]

1.e4 e5 2.Nf3 Nc6 3.Bb5 a6 4.Ba4 Nf6 5.d3 b5 6.Bb3 Be7 7.h3 d6 8.c3 Na5 9.
Bc2 c5 10.d4 cxd4 11.cxd4 Qc7 12.d5 O-O 13.O-O Bd7 14.Re1 Rfc8 15.Bd3 Nb7 
16.Nbd2 Nc5 17.Bb1 a5 18.b3 Na6 19.Bb2 Qb7 20.a3 Bd8 21.Nf1 Bb6 22.Ng3 b4 
23.a4 Rc5 24.Nd2 Qa7 25.Qe2 Nc7 26.Bd3 Nce8 27.Nc4 Bc8 28.Bc1 Ba6 29.Nxb6 
Bxd3 30.Qxd3 Rc3 31.Qxc3 bxc3 32.Nxa8 Qxa8 33.Re3 Qa7 34.Ne2 Qb6 35.Rb1 c2
36.Rb2 Qb4 37.Nc3 Nd7 38.Rxc2 Qxb3 39.Rb2 Qa3 40.Rb1 Qc5 41.Nb5 Kf8 42.Rc3
Qb6 43.Rc6 Qb8 44.Ba3 Nc5 45.Bxc5 dxc5 46.Rc1 c4 47.R1xc4 1-0

[Event "2023 Perth Open"]
[Site "North Woodvale, Perth WA"]
[Date "2023.02.11"]
[Round "2.4"]
[White "Gulley, Trent"]
[Black "Mueller, Jens"]
[Result "0-1"]
[WhiteElo "1870"]
[BlackElo "2309"]
[ECO "A40s"]
[EventDate "2023.02.11"]
[EventType "swiss"]
[EventRounds "6"]
[EventCountry "AUS"]
[TimeControl "3600+30"]

1.d4 g6 2.Bf4 Bg7 3.e4 c5 4.Nf3 cxd4 5.e5 Nc6 6.Nbd2 Qa5 7.Qe2 f6 8.exf6 
Nxf6 9.Qb5 Qxb5 10.Bxb5 Nh5 11.Bg5 h6 12.Bh4 O-O 13.O-O-O g5 14.g4 Nf4 15.
Bg3 d6 16.h4 Bxg4 17.hxg5 hxg5 18.Rdg1 a6 19.Ba4 Ne2+ 0-1

[Event "2023 Perth Open"]
[Site "North Woodvale, Perth WA"]
[Date "2023.02.11"]
[Round "2.5"]
[White "Hare, Tim"]
[Black "McAteer, Ian"]
[Result "1-0"]
[WhiteElo "2262"]
[BlackElo "1822"]
[ECO "A05"]
[EventDate "2023.02.11"]
[EventType "swiss"]
[EventRounds "6"]
[EventCountry "AUS"]
[TimeControl "3600+30"]

1.Nf3 Nf6 2.d3 g6 3.e4 Bg7 4.Nbd2 c5 5.Be2 Nc6 6.c3 d6 7.h3 O-O 8.Qc2 b5 
9.O-O Bb7 10.Re1 Rc8 11.a4 a6 12.Nf1 b4 13.Bg5 Qb6 14.Ne3 Ne5 15.Nxe5 dxe5
16.Nc4 Qc7 17.a5 h6 18.Be3 Rcd8 19.cxb4 Nd7 20.bxc5 Qc6 21.b4 f5 22.f3 f4 
23.Bf2 Qf6 24.Nb6 g5 25.Rec1 Nb8 26.Qc4+ Kh8 27.Nd5 Qf7 28.Nc7 Qf6 29.Ne6 
Nc6 30.Nxf8 Bxf8 31.b5 Nd4 32.Bxd4 Rxd4 33.Qb3 axb5 34.Qxb5 Bc6 35.Qb6 h5 
36.a6 g4 37.fxg4 hxg4 38.Bxg4 Rxd3 39.a7 f3 40.Rf1 1-0

[Event "2023 Perth Open"]
[Site "North Woodvale, Perth WA"]
[Date "2023.02.11"]
[Round "2.6"]
[White "Gunawan, Tjermin"]
[Black "Teh, Rui Gen"]
[Result "0-1"]
[WhiteElo "1844"]
[BlackElo "2190"]
[ECO "A46k"]
[EventDate "2023.02.11"]
[EventType "swiss"]
[EventRounds "6"]
[EventCountry "AUS"]
[TimeControl "3600+30"]

1.d4 Nf6 2.Nf3 e6 3.e3 c5 4.c3 b6 5.Bd3 Bb7 6.O-O Be7 7.Nbd2 d5 8.Ne5 O-O 
9.f4 Ne4 10.Qf3 f6 11.Ng4 f5 12.Ne5 Nc6 13.a3 Nxe5 14.fxe5 Qe8 15.Qh3 g5 
16.Qh6 Qg6 17.Qxg6+ hxg6 18.g3 Kg7 19.Nxe4 dxe4 20.Be2 Rac8 21.Rf2 a5 22.
Bd2 a4 23.Rc1 Rfd8 24.Kf1 g4 25.Ke1 Bd5 26.Bb5 Bb3 27.Be2 Bg5 28.Bd1 Rc7 
29.Bxb3 axb3 30.Re2 Kf7 31.Rd1 Ke8 32.Kf2 Kd7 33.Be1 Kc6 34.Rc1 Kb5 35.Bd2
Kc4 36.Be1 Rh8 37.Kf1 Rch7 38.dxc5 bxc5 39.Rd1 Rxh2 40.Bf2 Rh1+ 41.Bg1 
R8h3 42.Kg2 R3h2+ 43.Bxh2 Rxd1 44.Bg1 Kd3 45.Bf2 Kxe2 0-1

[Event "2023 Perth Open"]
[Site "North Woodvale, Perth WA"]
[Date "2023.02.11"]
[Round "2.7"]
[White "Laubbacher, Jamie"]
[Black "Simonds, Marcus"]
[Result "1-0"]
[WhiteElo "2179"]
[BlackElo "1768"]
[ECO "E80d"]
[EventDate "2023.02.11"]
[EventType "swiss"]
[EventRounds "6"]
[EventCountry "AUS"]
[TimeControl "3600+30"]

1.c4 Nf6 2.Nc3 g6 3.e4 d6 4.d4 Bg7 5.f3 Nbd7 6.Bg5 c6 7.Nh3 a6 8.a4 b6 9.
Nf2 Qc7 10.Be2 h6 11.Be3 e5 12.d5 c5 13.Qd2 Qd8 14.f4 Qe7 15.O-O exf4 16.
Bxf4 Ne5 17.b3 a5 18.Nd3 Nxd3 19.Bxd3 Ba6 20.e5 dxe5 21.Bxe5 O-O 22.Rae1 
Qd8 23.Bf4 Kh7 24.Ne4 Nh5 25.Bd6 Bd4+ 26.Kh1 Qh4 27.Bxf8 Rxf8 28.Rf3 Bc8 
29.Ref1 Bf5 30.Nf2 Be5 31.Nh3 Ng3+ 32.Rxg3 Bxg3 33.Bxf5 Bxh2 34.Bxg6+ Kxg6
35.Kxh2 f5 36.Qf4 1-0

[Event "2023 Perth Open"]
[Site "North Woodvale, Perth WA"]
[Date "2023.02.11"]
[Round "2.8"]
[White "Gough, Dylan"]
[Black "King, David"]
[Result "0-1"]
[WhiteElo "1742"]
[BlackElo "2031"]
[ECO "D12i"]
[EventDate "2023.02.11"]
[EventType "swiss"]
[EventRounds "6"]
[EventCountry "AUS"]
[TimeControl "3600+30"]

1.d4 d5 2.c4 c6 3.e3 Nf6 4.Nf3 Bf5 5.Nc3 e6 6.cxd5 exd5 7.Bd3 Bxd3 8.Qxd3 
Be7 9.O-O O-O 10.b3 Nbd7 11.Bb2 Bd6 12.Rfe1 Re8 13.e4 dxe4 14.Nxe4 Nxe4 
15.Rxe4 Rxe4 16.Qxe4 Nf6 17.Qd3 Nd5 18.Qf5 Qc8 19.Qxc8+ Rxc8 20.Re1 Rd8 
21.Ne5 f6 22.Nc4 Bb4 23.Ra1 Nf4 24.a3 Bf8 25.Rd1 Ne6 26.Kf1 Bc5 27.Na5 Rd7
28.b4 Bb6 29.Nb3 Kf7 30.g3 Rd5 31.Ke2 g5 32.Rd3 g4 33.Kf1 Ng5 34.Nc5 Bxc5 
35.bxc5 Nf3 36.h3 h5 37.hxg4 hxg4 38.Ke2 Rd7 39.Rb3 Ke6 40.Re3+ Kf5 41.Kd3
Ng5 42.Kc4 Kg6 43.Rd3 Rd5 44.Bc1 Ne4 45.Be3 f5 46.Rb3 Rd7 47.a4 Nf6 48.Bd2
Nd5 49.a5 a6 50.Be3 Re7 51.Kd3 Nf6 52.Rb1 Rd7 53.Rh1 Ne4 54.Rh6+ Kg7 55.
Ke2 Nc3+ 56.Kd3 Ne4 57.Ke2 Rxd4 58.Re6 Nc3+ 59.Kf1 Rd1+ 60.Kg2 Nd5 61.Bf4 
Rb1 62.Be5+ Kf7 63.Rd6 Rb5 64.Rd7+ Ke6 0-1

[Event "2023 Perth Open"]
[Site "North Woodvale, Perth WA"]
[Date "2023.02.11"]
[Round "2.9"]
[White "Gao, Oscar"]
[Black "Deng, Eric"]
[Result "1-0"]
[WhiteElo "2006"]
[BlackElo "1730"]
[ECO "C07j"]
[EventDate "2023.02.11"]
[EventType "swiss"]
[EventRounds "6"]
[EventCountry "AUS"]
[TimeControl "3600+30"]

1.e4 e6 2.d4 d5 3.Nd2 c5 4.exd5 Qxd5 5.dxc5 Bxc5 6.Ngf3 Nf6 7.Bc4 Qd8 8.
O-O O-O 9.c3 a6 10.a4 Nc6 11.Qc2 Re8 12.Ne4 Ba7 13.Bg5 e5 14.Rad1 Qe7 15.
Qc1 Bf5 16.Nd6 Bg4 17.Bxf7+ Kh8 18.Bxe8 Rxe8 19.Nxe8 Qxe8 20.Bxf6 gxf6 21.
Qh6 Qf7 22.h3 Be6 23.Rd6 Ne7 24.Rd8+ Ng8 25.Rfd1 Bb6 26.Rf8 Qe7 27.Nh4 Qg7
28.Qxg7+ Kxg7 29.Rb8 Bc5 30.Rxb7+ Kh6 31.b4 Bf8 32.b5 axb5 33.a5 Ne7 34.a6
Nc6 35.Rc7 Nb8 36.a7 1-0

[Event "2023 Perth Open"]
[Site "North Woodvale, Perth WA"]
[Date "2023.02.11"]
[Round "2.10"]
[White "Chen, Angus"]
[Black "Andador, Dominador"]
[Result "0-1"]
[WhiteElo "1719"]
[BlackElo "1978"]
[ECO "E15u"]
[EventDate "2023.02.11"]
[EventType "swiss"]
[EventRounds "6"]
[EventCountry "AUS"]
[TimeControl "3600+30"]

1.d4 Nf6 2.Nf3 e6 3.g3 b6 4.Bg2 Bb7 5.c4 c5 6.O-O Be7 7.Qc2 Be4 8.Qc3 Nc6 
9.Rd1 O-O 10.e3 Rc8 11.a3 Qc7 12.Nbd2 cxd4 13.Nxd4 Bxg2 14.Kxg2 Ne5 15.Nb5
Qb7+ 16.f3 d6 17.e4 a6 18.Nd4 b5 19.b3 Qc7 20.f4 Ned7 21.Bb2 Qb7 22.Qf3 
bxc4 23.Nxc4 Rxc4 24.bxc4 Qxb2+ 25.Kh1 Qb7 26.Rab1 Qxe4 27.Qxe4 Nxe4 28.
Rb2 Bf6 29.Rc2 Rc8 30.Nf3 d5 31.Rdc1 d4 32.g4 d3 33.Rg2 g6 34.f5 g5 35.
fxe6 fxe6 36.Rd1 Ndc5 37.Nd2 Nxd2 38.Rdxd2 e5 39.Rg1 e4 40.Rf1 e3 41.Rb2 
0-1